AoeStats
← 钓鱼佬

Arabia

507198213Analyzed
1v1 RM · 15d ago on Sep 17, 2026· 47m 59s· 2 players
Game mode
Random Map
Map size
Tiny (2 player)
Population
200
Speed
Normal
Resources
Standard
Victory
Conquest
Starting age
Dark Age
Ending age
Imperial Age
RankedLock teamsTeams togetherTeam positionsShared explorationLock speedFull tech treeHidden civsTurbo modeCheats
Victory
Defeat
🇨🇳 Jurchens · China
1555
+15
🇨🇴 Tatars · Colombia
1532
-15
Chang Hua
6:59 Loom
9:09 Feudal Age
10:01 Double-Bit Axe
13:20 Horse Collar
19:32 Forging
19:24 Scale Mail Armor
22:47 Castle Age
20:54 Gold Mining
20:58 Fletching
21:29 Forging
23:06 Bloodlines
22:47 Fletching
23:19 Padded Archer Armor
26:59 Bodkin Arrow
27:19 Husbandry
28:11 Bow Saw
29:39 Wheelbarrow
36:39 Ballistics
37:08 Leather Archer Armor
40:53 Heavy Plow
42:18 Iron Casting
41:53 Scale Barding Armor
41:59 Stone Mining
45:45 Chain Barding Armor
钓鱼佬
6:37 Loom
9:22 Feudal Age
10:15 Double-Bit Axe
15:48 Forging
18:50 Bloodlines
19:30 Gold Mining
20:37 Wheelbarrow
20:27 Fletching
21:12 Horse Collar
23:36 Scale Barding Armor
25:46 Castle Age
24:25 Scale Barding Armor
26:07 Light Cavalry
26:48 Husbandry
27:42 Chain Barding Armor
27:31 Crossbowman
28:37 Bodkin Arrow
29:27 Padded Archer Armor
30:51 Iron Casting
34:59 Hand Cart
34:31 Town Watch
36:59 Leather Archer Armor
43:32 Imperial Age
44:52 Plate Barding Armor
44:44 Bow Saw
44:48 Heavy Plow
46:20 Blast Furnace
Connection lost

Rejoining the realm…

Still unreachable

The connection could not be restored.

Session expired

The server has moved on; the page needs a fresh start.